Cogmind - Beta 17.1 @@@ ROGUE MODE // 2026.08.22 @ 19:34:28 Player: JuustuToug Result: Defending 0bPrime! Performance ------------- Evolutions (8) 4000 Regions Visited (22) 4400 Robots Destroyed (280) 1400 Value Destroyed (11800) 11800 Prototype IDs (143) 2860 Alien Tech Used (2) 400 Bonus (22128) 22128 TOTAL SCORE: 46988 Bonus ------- High Alert Combat Kills 2538 Follower Combat Kills 2110 Hunted by Unchained 500 Network Hubs Disabled 600 Registered with UFD 300 Met Optimus in HQ 500 Built Enhanced Grunts 300 A7 Reached Mainframe 300 Met R17 at Cetus 500 Met R17 at Research 2000 Met Optimus at Protoforge 1000 Executed Drillbomb Mission 10000 Win 3000 Friendly Fire -1520 Cogmind --------- Core Integrity 888/1450 Matter 300/300 Energy 330/330 System Corruption 5% Temperature Cool (0) Movement Hovering (36) Location 0bPrime Parts ------- > --- POWER (3) -------- Light Antimatter Reactor Light Antimatter Reactor Light Quantum Reactor > --- PROPULSION (7) --- Cooled Antigrav System Cooled Antigrav System Antigrav Array Combat Linear Gravjet Gravjet Array > --- UTILITY (11) ----- Large Storage Unit Experimental Optical Array Experimental Targeting Computer Experimental Launcher Guidance Computer Experimental Core Analyzer Advanced Transmission Jammer Improved Cloaking Device Concept Core Shell Medium Regenerative Plating Graphene Brace > --- WEAPON (2) ------- Helical Railgun Hypervelocity Multirail > --- INVENTORY (15) --- Light Quantum Reactor Light Quantum Reactor Impulse Thruster Array Tiamat Missile Launcher Peak State ------------ > --- POWER ------------ Light Antimatter Reactor Light Quantum Reactor Light Quantum Reactor > --- PROPULSION ------- Cooled Antigrav System Cooled Antigrav System Antigrav Array Combat Linear Gravjet Gravjet Array > --- UTILITY ---------- Large Storage Unit Experimental Optical Array Experimental Targeting Computer Experimental Launcher Guidance Computer Experimental Core Analyzer Experimental Reaction Control System Advanced Phase Shifter Improved Cloaking Device Concept Core Shell Medium Regenerative Plating Graphene Brace > --- WEAPON ----------- Helical Railgun Hypervelocity Multirail > --- INVENTORY -------- Light Quantum Reactor Combat Antigrav System Advanced Transmission Jammer Centrium Medium Armor Plating Tiamat Missile Launcher UFD Drillbomb [Rating: 214] Favorites ----------- Power Micro Nuclear Core Engine Reinforced Ion Engine Power Core Micro Nuclear Core Reactor Light Quantum Reactor Propulsion Advanced Treads Treads Advanced Treads Hover Unit Gravmag System Flight Unit Improved VTOL Module Utility Seismic Detector Device Seismic Detector Storage Cargo Storage Unit Processor Improved Signal Interpreter Hackware Hacking Suite Protection Hardened Light Armor Plating Artifact Phase Redirector Weapon Advanced Beam Rifle Energy Gun Advanced Beam Rifle Energy Cannon Heavy Phase Cannon Ballistic Gun Improved Heavy Machine Gun Ballistic Cannon Mass Driver Launcher Heavy Proton Missile Launcher Special Weapon CPS Tube Slashing Weapon Power Sword Piercing Weapon Makeshift Spear Special Melee Weapon Datajack Build | -11 -10 -10 -10 -9 -8 -7 -7 -7 -7 -5 -5 -5 -4 -4 -4 -4 -4 -3 -3 -2 -2 -2 ------- Run | Yrd Mat Min Exi Min Mat Fac Sto Rec Scr Fac Upp Upp Fac Ext Cet Arc Hub Res Tes Res Qua Frg Slots Evolved 16 | . . . . . 4 2 . . . 4 . . 2 . . . . 2 . 2 . . Power 2 | . . . . . . . . . . 1 . . . . . . . . . 1 . . Propulsion 5 | . . . . . 3 . . . . 1 . . 1 . . . . . . . . . Utility 9 | . . . . . 1 2 . . . 2 . . 1 . . . . 2 . 1 . . Weapon . | . . . . . . . . . . . . . . . . . . . . . . . Parts Attached 204 | 8 8 2 . 3 33 16 12 1 2 22 3 1 5 13 11 4 5 10 6 9 5 25 Power 25 | 1 2 1 . . 3 2 1 . . 2 . . . 1 1 . . . . 3 3 5 Engine 9 | 1 2 1 . . 3 1 1 . . . . . . . . . . . . . . . Core 4 | . . . . . . 1 . . . 2 . . . . . . . . . 1 . . Reactor 12 | . . . . . . . . . . . . . . 1 1 . . . . 2 3 5 Propulsion 50 | 2 . . . 1 15 2 2 1 . 7 . . 1 3 2 1 4 4 . 2 1 2 Treads 20 | 2 . . . 1 14 1 1 1 . . . . . . . . . . . . . . Leg . | . . . . . . . . . . . . . . . . . . . . . . . Wheel . | . . . . . . . . . . . . . . . . . . . . . . . Hover 29 | . . . . . . 1 1 . . 7 . . 1 3 2 1 4 4 . 2 1 2 Flight 1 | . . . . . 1 . . . . . . . . . . . . . . . . . Utility 75 | 2 4 1 . . 6 6 1 . 1 10 . 1 3 4 7 3 1 4 3 3 1 14 Device 33 | 1 2 1 . . 4 2 1 . 1 5 . 1 1 1 3 2 . 2 1 2 . 3 Storage 8 | 1 2 . . . 1 . . . . 2 . . . . . . . 1 . 1 . . Processor 11 | . . . . . . . . . . 1 . . 1 . . . 1 1 1 . . 6 Hackware 9 | . . . . . . 1 . . . 1 . . 1 1 2 1 . . 1 . . 1 Protection 13 | . . . . . 1 3 . . . 1 . . . 2 2 . . . . . . 4 Artifact 1 | . . . . . . . . . . . . . . . . . . . . . 1 . Weapon 54 | 3 2 . . 2 9 6 8 . 1 3 3 . 1 5 1 . . 2 3 1 . 4 Energy Gun 17 | 2 . . . 2 6 3 3 . . . . . . . . . . . 1 . . . Energy Cannon 9 | . 1 . . . . 1 . . 1 1 2 . 1 . . . . . . 1 . 1 Ballistic Gun 8 | 1 . . . . 2 . 1 . . . . . . . 1 . . 1 1 . . 1 Ballistic Cannon 3 | . . . . . . . 1 . . . . . . 2 . . . . . . . . Launcher 9 | . 1 . . . . 1 3 . . 1 . . . 1 . . . 1 1 . . . Special Weapon 1 | . . . . . . . . . . . . . . 1 . . . . . . . . Impact Weapon . | . . . . . . . . . . . . . . . . . . . . . . . Slashing Weapon 3 | . . . . . . . . . . 1 . . . 1 . . . . . . . 1 Piercing Weapon 2 | . . . . . . 1 . . . . . . . . . . . . . . . 1 Special Melee Weapon 2 | . . . . . 1 . . . . . 1 . . . . . . . . . . . Unidentified Prototypes 45 | . . 1 . . 5 5 7 . . 2 . . 1 . 4 . . 1 5 . 1 13 Corrupted Parts 1 | . . . . . . . . . . . . . . 1 . . . . . . . . System Corruption 7 | . . . . . . . . . . . . . . 7 . . . . . . . . Parts Lost 25 | . 1 . . . 1 . . 2 . 1 . . . 2 . . 3 1 . 2 3 9 Power 4 | . . . . . . . . . . . . . . . . . . . . . 2 2 Propulsion 10 | . . . . . . . . 2 . 1 . . . 2 . . 2 1 . . 1 1 Utility 9 | . 1 . . . 1 . . . . . . . . . . . 1 . . 1 . 5 Weapon 2 | . . . . . . . . . . . . . . . . . . . . 1 . 1 Highest Loss Streak 3 | . 1 . . . 1 . . 1 . 1 . . . 1 . . 3 1 . 1 3 3 To Critical Strikes 1 | . . . . . . . . . . . . . . . . . . . . . . 1 Average Backups 20 | 1 11 20 20 20 24 29 29 29 29 15 15 15 14 14 14 14 15 13 14 13 13 7 Power 1 | . 1 1 1 1 1 1 2 2 2 . 1 1 1 1 1 1 1 1 1 . 1 . Propulsion 4 | . 4 7 6 4 6 8 7 6 6 . 1 1 . . 1 4 3 2 3 3 1 1 Utility 8 | . 2 5 6 7 10 12 13 13 13 8 8 8 8 9 9 6 8 5 6 6 5 2 Weapon 5 | . 3 6 6 6 6 6 6 8 8 4 3 3 3 3 3 3 3 4 4 3 3 2 Tool/Special . | . . . . . . . . . . . . . . . . . . . . . . . Unused Backups 75 | . 2 . 3 6 20 11 4 . 3 5 2 . 1 . 2 . 2 3 2 1 . 8 Power 7 | . . . . . 1 2 1 . . 1 . . . . . . . . . . . 2 Propulsion 23 | . 1 . 2 4 4 7 1 . . . . . . . . . 2 . . . . 2 Utility 27 | . 1 . 1 2 5 2 1 . 3 3 2 . 1 . 2 . . 1 1 . . 2 Weapon 16 | . . . . . 10 . 1 . . 1 . . . . . . . 2 1 1 . . Tool/Special 2 | . . . . . . . . . . . . . . . . . . . . . . 2 Average Slot Usage (%) 93 | . 99 100 100 100 94 91 91 85 83 98 100 100 99 99 97 88 88 86 89 90 84 89 Engine 6 | . 14 14 14 14 9 6 6 7 7 . . . . . . . . . . . . . Core 1 | . . . . . . . . . . 10 11 11 10 8 5 5 5 4 4 4 . . Reactor 1 | . . . . . . . . . . . . . . 1 5 5 5 3 4 7 11 12 Treads 22 | . 28 28 28 28 44 37 38 31 30 . . . . . . . . . . . . . Hover 9 | . . . . . . . . . . 34 35 35 35 35 34 26 25 20 23 21 20 21 Device 10 | . 13 14 14 14 8 7 12 7 7 10 11 11 9 9 10 13 13 13 9 14 13 14 Storage 7 | . 14 14 14 14 9 7 7 7 7 5 5 5 5 5 5 5 5 4 4 4 4 4 Processor 3 | . . . . . . . . . . 4 5 5 5 5 5 5 5 8 12 13 13 16 Hackware 5 | . . . . . . 6 7 7 7 10 11 11 14 14 10 10 15 14 14 13 10 2 Protection 4 | . . . . . 4 6 1 7 7 5 5 5 5 5 9 5 1 4 4 2 5 8 Energy Gun 8 | . 16 14 14 28 14 13 8 7 6 . . . . . . . . . . . . . Energy Cannon 2 | . 10 13 14 . . . . . . 4 5 5 5 4 4 5 5 1 . 1 4 . Ballistic Gun 2 | . . . . . 3 . 4 7 7 . . . . . . . . 2 3 2 . 5 Slashing Weapon 1 | . . . . . . . . . . 2 5 5 5 5 5 5 5 4 4 4 . . Peak Build Rating 214 | 7 10 17 11 12 37 49 54 51 50 83 80 80 91 105 126 126 121 147 155 174 179 214 Average Rating 66 | 5 8 9 10 11 31 43 50 47 46 77 79 77 87 97 108 122 119 141 151 168 168 199 On Entrance 73 | . 7 9 10 11 12 36 47 50 47 47 79 80 80 85 102 126 118 107 145 155 168 173 Avg Prop Armor Cover (%) 4 | . . . . . . 5 . . . . . . . . . 4 3 3 . . . . Naked Turns . | . . . . . . . . . . . . . . . . . . . . . . . Heaviest Build 166 | 12 52 51 51 51 156 161 166 165 165 54 54 54 55 68 69 66 59 68 57 90 93 98 Greatest Support 111 | 40 40 40 40 40 110 108 108 108 86 57 54 54 65 71 74 84 85 95 92 96 108 111 Greatest Overweight (x) 1 | . 1 1 1 1 1 1 1 1 1 1 . . 1 1 1 . 1 . . . . 1 Average Overweight (x) . | . . 1 1 1 . 1 1 1 1 . . . . . . . . . . . . . Largest Inventory Capacity 30 | 8 20 20 20 20 30 30 30 30 30 30 15 15 15 15 15 15 15 15 15 15 15 15 Average Capacity 21 | 6 15 20 20 20 25 30 30 30 30 15 15 15 15 15 15 15 15 15 15 15 15 15 Most Carried 30 | 2 20 20 20 20 30 30 30 30 30 30 15 15 15 15 15 15 15 15 15 15 15 15 Average Carried 21 | 1 11 19 19 19 24 29 29 29 29 15 14 15 14 14 14 14 15 14 14 14 13 11 Final Capacity 30 | 8 20 20 20 20 30 30 30 30 30 15 15 15 15 15 15 15 15 15 15 15 15 15 Final Carried 30 | 2 20 20 20 20 30 30 30 30 30 15 15 15 15 14 15 15 15 15 15 14 14 5 Class Distribution -------------------- 30% | Commander-Mutant 24% | Hauler-Mutant 14% | Mutant 8% | Hacker-Mutant 8% | Scavenger-Mutant 4% | Hacker-Scout 4% | Scavenger-Ninja Dominant Class ---------------- Mutant | -10/Materials Mutant | -10/Mines Commander-Mutant | -10/Exiles Commander-Mutant | -9/Mines Hauler-Mutant | -8/Materials Hauler-Mutant | -7/Factory Hauler-Mutant | -7/Storage Commander-Mutant | -7/Recycling Commander-Mutant | -7/Scraptown Hacker-Mutant | -5/Factory Hacker-Mutant | -5/Upper Caves Scavenger-Scout | -5/Upper Caves Hacker-Mutant | -4/Factory Hacker-Mutant | -4/Extension Commander-Mutant | -4/Cetus Commander-Mutant | -4/Archives Commander-Mutant | -4/Hub_04(d) Scavenger-Ninja | -3/Research Hacker-Scout | -3/Testing Hacker-Ninja | -2/Research Hacker-Scout | -2/Quarantine Scavenger-Mutant | -2/Protoforge Resources | -11 -10 -10 -10 -9 -8 -7 -7 -7 -7 -5 -5 -5 -4 -4 -4 -4 -4 -3 -3 -2 -2 -2 ----------- Run | Yrd Mat Min Exi Min Mat Fac Sto Rec Scr Fac Upp Upp Fac Ext Cet Arc Hub Res Tes Res Qua Frg Matter Collected 8219 | 280 341 20 70 30 987 793 630 165 83 305 90 10 90 793 177 104 50 605 118 352 127 1999 Remotely . | . . . . . . . . . . . . . . . . . . . . . . . Salvage Created 13434 | 135 728 71 49 88 1951 1300 1200 166 . 505 82 . 79 1067 90 322 516 281 190 532 360 3722 Parts 662 | 6 37 5 3 5 101 63 51 5 . 32 2 . 12 32 14 25 23 20 3 32 19 172 Haulers Intercepted 14 | . 2 . . . 5 2 3 . . . . . . . . . 1 1 . . . . Recyclers Shooed 14 | . 1 . . . 2 5 1 . . 2 . . . 1 . . . . 1 1 . . Parts Field Recycled . | . . . . . . . . . . . . . . . . . . . . . . . Retrieved Matter . | . . . . . . . . . . . . . . . . . . . . . . . Parts Self-Destructed 7 | . . . . . . . . . . . 2 5 . . . . . . . . . . Prevented . | . . . . . . . . . . . . . . . . . . . . . . . Parts Restored . | . . . . . . . . . . . . . . . . . . . . . . . Kills | -11 -10 -10 -10 -9 -8 -7 -7 -7 -7 -5 -5 -5 -4 -4 -4 -4 -4 -3 -3 -2 -2 -2 ------- Run | Yrd Mat Min Exi Min Mat Fac Sto Rec Scr Fac Upp Upp Fac Ext Cet Arc Hub Res Tes Res Qua Frg Combat Hostiles Destroyed 168 | . 10 4 . 1 29 20 17 3 . . 1 . 1 9 . . 3 10 . 6 8 46 Melee 1 | . . . . . . . . . . . 1 . . . . . . . . . . . Guns 71 | . 2 . . 1 19 16 5 3 . . . . . . . . . . . 2 . 23 Cannons 13 | . 8 . . . . . . . . . . . 1 4 . . . . . . . . AOE 62 | . . 4 . . 9 1 9 . . . . . . 4 . . 1 10 . 4 6 14 Classes Destroyed 21 | 2 4 1 . 1 3 3 . . . . 1 . . . . . . . . . . 6 Worker 18 | . . . . . 8 . 4 . . 2 . . . 1 . . . 2 . 1 . . Builder 16 | . 1 . . . 2 1 . . . 4 . . 1 2 . . 1 2 . 1 . 1 Tunneler 10 | 3 1 . . 1 1 . . . . 1 . . 1 . . . . . . 2 . . Hauler 15 | . 2 . . . 5 2 3 . . . . . . . . . 1 1 . . . 1 Recycler 21 | 1 1 1 . . 4 4 . . . 2 . . . 4 . . 1 . 1 2 . . Minesweeper 1 | . . . . . . . . . . . 1 . . . . . . . . . . . Mechanic 3 | . . . . . . . . . . . . . . . . . . . . . . 3 Operator 14 | . . . . . 1 1 . . . . . . . 1 . 9 1 . . . . 1 Drone 5 | . . . . . . . . . . . . . . . . . . . . . . 5 Watcher 14 | . 1 . . . 3 . 1 . . 3 . . . 1 . . . . 1 . . 4 Swarmer 35 | . . 4 . . 6 3 . . . . . . . 2 . . . 10 . 4 5 1 Saboteur 1 | . . . . . . . . . . . . . . . . . . . . . . 1 Grunt 59 | . 10 . . . 15 4 14 . . . 1 . . 3 . . 1 . . . . 11 Brawler 3 | . . . . . 1 . . . . . . . . . . . . . . . . 2 Duelist 1 | . . . . . . 1 . . . . . . . . . . . . . . . . Protector 3 | . . . . . . . . . . . . . . . . . . . . . . 3 Sentry 22 | . . . . 1 7 2 1 2 . . . . . 3 . . 2 . . 2 . 2 Hunter 11 | . . . . . . 2 . . . . . . . . . . . . . . 3 6 Programmer 14 | . . . . . . 8 2 1 . . . . 1 1 . . . . . . . 1 Hotshot 6 | . . . . . . . . . . . . . . . . . . . . . . 6 Striker 1 | . . . . . . . . . . . . . . . . . . . . . . 1 Executioner 7 | . . . . . . . . . . . . . . . . . . . . . . 7 Best Kill Streak 12 | 4 4 3 . 1 12 3 10 3 . 2 2 . 1 3 . 6 5 6 1 8 8 10 Combat Bots Only 10 | . 3 2 . 1 7 3 5 3 . . 1 . 1 2 . . 3 5 . 5 8 10 Max Kills in Single Turn 4 | 1 1 3 . 1 2 1 2 1 . 1 1 . 1 1 1 1 3 3 1 3 2 4 Gunslinging 1 | . . . . . 1 . . . . . . . . . . . . . . . . . Exploded 4 | . . 2 . . 2 1 1 . . . . . . 1 . . 1 3 . 2 2 4 Melee 1 | . . . . . . . . . . . 1 . . . . . . . . . . . Uniques/NPCs Destroyed 1 | . . . . . . . . . . . . . . . 1 . . . . . . . A7 (-4/Cetus) Combat | -11 -10 -10 -10 -9 -8 -7 -7 -7 -7 -5 -5 -5 -4 -4 -4 -4 -4 -3 -3 -2 -2 -2 -------- Run | Yrd Mat Min Exi Min Mat Fac Sto Rec Scr Fac Upp Upp Fac Ext Cet Arc Hub Res Tes Res Qua Frg Hostile Shots Fired 947 | . 36 7 . 2 132 158 69 123 . 5 8 . 8 41 . . 26 26 . 39 58 209 Missed 387 | . 11 2 . 1 50 52 27 51 . . 3 . 5 18 . . 11 10 . 14 21 111 Hits 560 | . 25 5 . 1 82 106 42 72 . 5 5 . 3 23 . . 15 16 . 25 37 98 Melee 3 | . . . . . 1 . . . . . . . . . . . . . . . . 2 Projectile 557 | . 25 5 . 1 81 106 42 72 . 5 5 . 3 23 . . 15 16 . 25 37 96 Critical Strikes 29 | . . . . . 6 6 2 1 . . . . . 1 . . . . . . . 13 Actively Blocked 5 | . . . . . . . . . . . . . . . . . . . . . . 5 Damage Taken 10227 | . 309 86 . 8 1226 1446 649 490 . 235 99 . 55 504 . 22 473 365 . 541 923 2796 Core 969 | . 66 . . . 103 213 30 20 . 24 20 . . 35 . . . . . 91 154 213 Absorbed by Shields 314 | . . . . . . . . 77 . 13 . . . 224 . . . . . . . . Redirected to Shielding 334 | . . . . . . . . . . . . . . . . . . . . . . 334 Regen/Repaired (Parts) 1784 | . . . . . . 492 . . . . . . 42 . 48 . 15 380 . 18 128 661 Core Remaining (%) 83 | 100 . . . 73 81 . . . 62 . . 95 . . . . 96 . 100 . . 61 Volleys Fired 792 | 8 49 3 4 3 116 81 48 17 . 24 9 24 25 78 . 7 6 47 . 28 31 184 Largest 2 | 2 2 2 2 2 2 2 2 2 . 1 1 1 1 1 . 1 1 1 . 1 1 1 Hottest 300 | 90 110 110 110 90 122 122 76 75 . 98 98 90 90 90 . 90 90 90 . 120 120 300 Shots Fired 1039 | 16 72 4 8 6 220 159 58 32 . 24 9 24 25 79 . 7 6 47 . 28 31 184 Gun 647 | 16 35 1 4 6 207 155 32 32 . . . . . . . . . 30 . 7 . 122 Cannon 274 | . 34 1 4 . . 2 . . . 24 9 24 25 66 . 7 6 12 . 17 24 19 Launcher 116 | . 3 2 . . 13 2 26 . . . . . . 11 . . . 5 . 4 7 43 Special 2 | . . . . . . . . . . . . . . 2 . . . . . . . . Kinetic 269 | . . . . . 59 . 10 14 . . . . . 27 . . . 30 . 7 . 122 Thermal 652 | 16 69 2 8 6 148 157 22 18 . 24 9 24 25 39 . 7 6 12 . 17 24 19 Explosive 57 | . 3 2 . . 13 2 . . . . . . . 11 . . . 4 . 4 3 15 Electromagnetic 59 | . . . . . . . 26 . . . . . . . . . . 1 . . 4 28 Robot Hit Streak 30 | 5 24 1 9 4 30 14 6 21 . 2 . . 7 14 . 4 . 4 . 7 3 19 Robot Miss Streak 9 | 4 2 1 . 1 5 5 4 1 . 1 . . . 4 . 1 1 4 . 2 4 9 Penetration Max 2 | . . . . . 1 . . . . . . . . . . . . 1 . . . 2 Secondary Targets 4 | . 1 . . . 2 1 . . . . . . . . . . . . . . . . Max Gunslinging Chain 1 | . 1 . . . 1 1 . . . . . . . . . . . . . . . . Shots Hit Robots 599 | 9 53 1 8 4 149 93 17 27 . 20 8 . 6 48 3 16 2 23 8 11 2 91 Core Hits 464 | 5 23 9 2 3 82 42 32 9 . 8 4 . 2 32 2 4 29 20 3 17 11 125 Critical Kills 33 | . . . . . 1 . . . . . . . . 1 . . . 1 . 2 . 28 Critical Parts Destroyed 46 | . . . . . . . . 1 . . . . . . . . . 2 . 2 . 41 Critical Strikes 117 | . 1 . . . 19 5 1 2 . 3 2 . . 2 . . . 3 . 6 . 73 Burn 26 | . 1 . . . 18 5 1 1 . . . . . . . . . . . . . . Meltdown 1 | . . . . . . . . . . . . . . 1 . . . . . . . . Destroy 84 | . . . . . 1 . . 1 . . . . . . . . . 3 . 6 . 73 Blast 1 | . . . . . . . . . . . . . . 1 . . . . . . . . Sever 3 | . . . . . . . . . . 1 2 . . . . . . . . . . . Impale 2 | . . . . . . . . . . 2 . . . . . . . . . . . . Melee Attacks 154 | . . . . . 4 19 . . . 34 11 . 1 11 3 10 4 16 22 17 . 2 Impact . | . . . . . . . . . . . . . . . . . . . . . . . Slashing 110 | . . . . . . . . . . 15 11 . 1 11 3 10 4 16 22 17 . . Piercing 40 | . . . . . . 19 . . . 19 . . . . . . . . . . . 2 Sneak Attacks 55 | . . . . . 4 4 . . . 13 1 . 1 8 3 10 2 5 1 3 . . Combat Hostiles . | . . . . . . . . . . . . . . . . . . . . . . . Follow-up Attacks . | . . . . . . . . . . . . . . . . . . . . . . . Damage Inflicted 28317 | 117 826 341 149 50 3864 2395 2055 753 . 1266 362 . 337 2969 205 1349 1268 1940 416 1077 1193 5385 Guns 7476 | 117 309 . 63 50 2616 1930 516 753 . . . . . . . . . 117 . 73 . 932 Cannons 3193 | . 504 18 86 . . . . . . 69 . . 233 1612 . 234 . 67 . . 42 328 Explosions 12133 | . . 323 . . 1135 218 1539 . . . . . . 631 . . 1097 1302 . 612 1151 4125 Melee 5379 | . . . . . . 237 . . . 1197 362 . 104 726 205 1115 171 454 416 392 . . Ramming 136 | . 13 . . . 113 10 . . . . . . . . . . . . . . . . Kinetic 3043 | . . . . . 782 . 109 274 . . . . . 756 . . . 117 . 73 . 932 Thermal 7818 | 117 813 18 149 50 1834 1930 434 479 . 69 . . 233 856 . 234 . 67 . . 207 328 Explosive 7431 | . . 323 . . 1135 218 . . . . . . . 631 . . . 1214 . 612 586 2712 Electromagnetic 4510 | . . . . . . . 1512 . . . . . . . . . 1097 88 . . 400 1413 Impact . | . . . . . . . . . . . . . . . . . . . . . . . Slashing 4734 | . . . . . . . . . . 789 362 . 104 726 205 1115 171 454 416 392 . . Piercing 645 | . . . . . . 237 . . . 408 . . . . . . . . . . . . Highest Corruption 17 | . . . . . 1 10 14 17 . . . . . 7 7 7 1 . . . . 5 Average Corruption 6 | . . . . . 1 5 12 16 . . . . . 7 7 6 1 . . . . 2 Corruption Purged 7 | . . . . . . . . . . . . . . . . 7 . . . . . . Corruption Blocked . | . . . . . . . . . . . . . . . . . . . . . . . Effects 209 | . . . . . 12 54 47 56 . . . . . 4 17 6 . . . . . 13 Message Errors 49 | . . . . . 3 13 12 9 . . . . . . 2 5 . . . . . 5 Matter Fused 54 | . . . . . 4 14 12 15 . . . . . 2 3 . . . . . . 4 Heat Flow Errors 31 | . . . . . 1 7 8 8 . . . . . . 5 . . . . . . 2 Energy Discharges 20 | . . . . . 2 4 4 6 . . . . . . 3 . . . . . . 1 Parts Fused 2 | . . . . . . 1 . 1 . . . . . . . . . . . . . . Data Loss (minor) 17 | . . . . . . 6 3 5 . . . . . . 2 1 . . . . . . Data Loss (major) 9 | . . . . . . 2 2 3 . . . . . . 1 . . . . . . 1 Misfires 10 | . . . . . 1 4 2 2 . . . . . 1 . . . . . . . . Alerts 14 | . . . . . 1 1 3 7 . . . . . 1 1 . . . . . . . Weapon Failures 3 | . . . . . . 2 1 . . . . . . . . . . . . . . . Overload Shots 18 | . . . . . . . 10 8 . . . . . . . . . . . . . . Effects 2 | . . . . . . . . 2 . . . . . . . . . . . . . . Energy Bleed 1 | . . . . . . . . 1 . . . . . . . . . . . . . . Heat Surge 1 | . . . . . . . . 1 . . . . . . . . . . . . . . Overflow Damage 2059 | . 7 19 . . 64 58 . . . 428 56 . 96 201 . 506 46 190 127 162 . 99 Projectiles 65 | . 7 . . . . . . . . . . . 22 15 . . . 15 . . . 6 Explosions 259 | . . 19 . . 48 . . . . . . . . 7 . . 46 44 . 2 . 93 Melee 1735 | . . . . . 16 58 . . . 428 56 . 74 179 . 506 . 131 127 160 . . Knockbacks 2 | . . . . . . . . . . . . . . 2 . . . . . . . . Impact . | . . . . . . . . . . . . . . . . . . . . . . . Kinetic 2 | . . . . . . . . . . . . . . 2 . . . . . . . . Secondary . | . . . . . . . . . . . . . . . . . . . . . . . Self-Inflicted Damage 270 | . . 45 . . . . 7 . . . . . . 73 . . 100 . . . 45 . Shots 8 | . . 2 . . . . 2 . . . . . . 2 . . 1 . . . 1 . Rammed 11 | . 3 . . . 7 1 . . . . . . . . . . . . . . . . Targets Rammed 14 | . 3 . . . 10 1 . . . . . . . . . . . . . . . . Kicked . | . . . . . . . . . . . . . . . . . . . . . . . Crushed 3 | . . . . . 3 . . . . . . . . . . . . . . . . . Highest Temperature 381 | 180 150 48 144 30 219 274 260 259 . 381 160 173 272 255 262 12 343 205 . 260 271 184 Average Temperature 71 | 86 42 27 68 18 52 58 89 101 . 77 71 80 95 71 92 7 80 79 . 70 88 93 Received Heat Transfer 1724 | . 171 . . . 558 246 318 117 . 15 45 . 18 56 . . 63 9 . 72 9 27 Effects 2 | . . . . . . . . . . . . . 2 . . . . . . . . . Interference 2 | . . . . . . . . . . . . . 2 . . . . . . . . . Siege Activations . | . . . . . . . . . . . . . . . . . . . . . . . Martial Activations . | . . . . . . . . . . . . . . . . . . . . . . . Shielding Activations . | . . . . . . . . . . . . . . . . . . . . . . . Robots Disrupted . | . . . . . . . . . . . . . . . . . . . . . . . Combat Hostiles . | . . . . . . . . . . . . . . . . . . . . . . . Robots Corrupted 17 | . . . . . . . 4 . . . . . . . . . 2 . . . 2 9 Combat Hostiles 16 | . . . . . . . 3 . . . . . . . . . 2 . . . 2 9 Parts Fried 35 | . . . . . . . 16 . . . . . . 1 . . 2 . . . 2 14 Impact Corruptions 1 | . . . . . 1 . . . . . . . . . . . . . . . . . Robots Melted 5 | . . . . . 1 3 . . . . . . . 1 . . . . . . . . Combat Hostiles 5 | . . . . . 1 3 . . . . . . . 1 . . . . . . . . Parts Melted 41 | 1 4 . . . 13 18 1 1 . . . . 1 2 . . . . . . . . Heat Transferred 14565 | 310 1965 37 296 124 5217 3626 672 545 . 100 . . 222 870 . 259 . 74 . . 137 111 Parts Sabotaged . | . . . . . . . . . . . . . . . . . . . . . . . Parts Stolen . | . . . . . . . . . . . . . . . . . . . . . . . Parts Stripped . | . . . . . . . . . . . . . . . . . . . . . . . Power Chain Reactions 5 | . . . . . . . 3 . . . . . . . . . . . . . 1 1 Alert | -11 -10 -10 -10 -9 -8 -7 -7 -7 -7 -5 -5 -5 -4 -4 -4 -4 -4 -3 -3 -2 -2 -2 ------- Run | Yrd Mat Min Exi Min Mat Fac Sto Rec Scr Fac Upp Upp Fac Ext Cet Arc Hub Res Tes Res Qua Frg Maximum Alert Level 5 | . . . . . 2 1 1 . . . . . . 3 2 1 3 3 2 2 2 5 Low Security (%) 53 | 100 100 100 . 100 9 79 82 100 . 100 . . 100 4 . 76 50 . . 42 29 6 Level 1 22 | . . . . . 78 20 17 . . . . . . 23 25 23 31 . 65 9 3 11 Level 2 12 | . . . . . 11 . . . . . . . . 51 74 . 17 65 34 48 67 . Level 3 5 | . . . . . . . . . . . . . . 20 . . 1 34 . . . 25 Level 4 4 | . . . . . . . . . . . . . . . . . . . . . . 39 Level 5 1 | . . . . . . . . . . . . . . . . . . . . . . 15 High Security . | . . . . . . . . . . . . . . . . . . . . . . . Max Security . | . . . . . . . . . . . . . . . . . . . . . . . Peak Influence 2128 | 15 164 146 . 122 452 323 258 103 . 100 . . 162 789 500 232 1089 761 425 482 517 2128 Initial 566 | . . 55 . . . 142 133 63 . . . . . 70 420 153 57 566 375 192 184 29 Average 289 | 2 25 42 . 18 274 92 119 22 . 18 . . 33 487 428 185 211 661 384 327 350 1137 Influence Increases 11738 | 20 405 186 7 179 1129 684 521 326 . 323 25 . 287 1218 361 252 1338 475 107 545 527 2823 Destroy 0b10 Robot/C 4240 | . 200 120 . 120 660 400 340 80 . 60 20 . 20 480 160 80 260 200 . 120 160 760 Destroy 0b10 Robot/NC 650 | 20 30 5 5 5 135 40 40 5 . 60 5 . 10 65 10 45 20 25 10 30 . 85 Destroy Leader 822 | . 56 20 . 10 170 154 68 . . 16 . . 10 44 . . 72 22 2 30 10 138 Allied During Kill 721 | . . 22 2 43 28 . . 12 . 11 . . . 274 170 108 50 . 1 . . . Successful Hack 477 | . 15 . . . 18 40 . 33 . 22 . . 35 51 7 . 26 51 30 77 27 45 Select Force Hacks 340 | . 60 . . . . . . 180 . . . . . . . . 100 . . . . . Disable Machine 1170 | . 15 . . . 60 . 45 15 . 15 . . . 15 . 15 270 . 60 45 90 525 Anti-Garrison Action 300 | . . . . . . . . . . . . . . . . . 150 . . . . 150 Destroy Structure 1413 | . 14 19 . 1 43 35 28 1 . 64 . . 32 214 14 4 270 102 4 198 180 190 Partial Spotted 240 | . . . . . . . . . . 15 . . . 75 . . 15 15 . . 15 105 Lose Combat Pursuer 1365 | . 15 . . . 15 15 . . . 60 . . 180 . . . 105 60 . 45 45 825 Influence Decreases 9614 | 20 262 329 7 179 816 702 653 489 . 322 26 . 143 612 728 470 424 885 434 558 803 752 Entered New Map 2390 | . . 88 . . . 171 162 100 . . 1 . . 74 330 230 108 513 294 150 145 24 Time Decay 5474 | 20 252 241 7 179 596 531 388 376 . 232 25 . 143 458 278 160 110 362 120 238 120 638 Lost Part 236 | . 10 . . . 10 . . 13 . 3 . . . 20 . . 30 10 . 20 30 90 Lost Ally 706 | . . . . . 60 . 103 . . 87 . . . 60 120 80 176 . 20 . . . Purge Threat 808 | . . . . . 150 . . . . . . . . . . . . . . 150 508 . Squads Dispatched 71 | . 3 . . . 5 10 5 . . 7 . . 7 2 . . 10 5 2 3 1 11 Investigation 27 | . 2 . . . 1 2 . . . 5 . . 5 . . . 3 3 . 1 . 5 Extermination 15 | . . . . . . 7 2 . . 1 . . 1 . . . . . 1 2 1 . Reinforcement 20 | . 1 . . . 1 1 3 . . 1 . . 1 1 . . 4 2 1 . . 4 Assault 5 | . . . . . . . . . . . . . . 1 . . 2 . . . . 2 Garrison 4 | . . . . . 3 . . . . . . . . . . . 1 . . . . . Intercept . | . . . . . . . . . . . . . . . . . . . . . . . Searches Triggered . | . . . . . . . . . . . . . . . . . . . . . . . Construction Impeded 2 | . . . . . . . . . . . . . . 1 . . 1 . . . . . Haulers Reinforced 3 | . . . . . . . 2 . . . . . . . . . . 1 . . . . Active Scanning Responses . | . . . . . . . . . . . . . . . . . . . . . . . Cargo Convoy Interrupts . | . . . . . . . . . . . . . . . . . . . . . . . Stealth | -11 -10 -10 -10 -9 -8 -7 -7 -7 -7 -5 -5 -5 -4 -4 -4 -4 -4 -3 -3 -2 -2 -2 --------- Run | Yrd Mat Min Exi Min Mat Fac Sto Rec Scr Fac Upp Upp Fac Ext Cet Arc Hub Res Tes Res Qua Frg Distress Signals 39 | . 2 . . . 3 1 4 . . . . . 1 2 2 1 4 7 . 1 1 10 Communications Jammed 70 | . . . . . . . . . . 2 . . 6 9 . . 40 . . . . 13 Distress Signals 70 | . . . . . . . . . . 2 . . 6 9 . . 40 . . . . 13 Times Spotted 404 | . 17 6 . 6 52 25 19 6 . 6 1 . 10 27 8 5 27 17 5 21 16 130 Peak Tracking Total 24 | . 2 3 . 4 8 4 4 4 . 3 1 . 9 4 5 2 24 5 4 6 8 12 Tactical Retreats 41 | . 1 . . . 1 1 . . . 2 . . 3 . . . 2 1 . 2 1 27 Traps | -11 -10 -10 -10 -9 -8 -7 -7 -7 -7 -5 -5 -5 -4 -4 -4 -4 -4 -3 -3 -2 -2 -2 ------- Run | Yrd Mat Min Exi Min Mat Fac Sto Rec Scr Fac Upp Upp Fac Ext Cet Arc Hub Res Tes Res Qua Frg Traps Triggered 13 | . . . . . 1 . 1 . . 3 . . 1 1 . . . . . 1 . 5 Indirectly 1 | . . . . . . . . . . . . . . . . . . . . . . 1 Trap Hack Attempts 77 | . . . . . 77 . . . . . . . . . . . . . . . . . Triggered 1 | . . . . . 1 . . . . . . . . . . . . . . . . . Disarmed 1 | . . . . . 1 . . . . . . . . . . . . . . . . . Reprogrammed 4 | . . . . . 4 . . . . . . . . . . . . . . . . . Reused . | . . . . . . . . . . . . . . . . . . . . . . . Traps Extracted 4 | . . . . . 4 . . . . . . . . . . . . . . . . . Installed . | . . . . . . . . . . . . . . . . . . . . . . . Triggered . | . . . . . . . . . . . . . . . . . . . . . . . Most Traps Carried 4 | . . . . . 4 4 4 4 4 4 4 4 4 4 4 . . . . . . . Machines | -11 -10 -10 -10 -9 -8 -7 -7 -7 -7 -5 -5 -5 -4 -4 -4 -4 -4 -3 -3 -2 -2 -2 ---------- Run | Yrd Mat Min Exi Min Mat Fac Sto Rec Scr Fac Upp Upp Fac Ext Cet Arc Hub Res Tes Res Qua Frg Machines Disabled 83 | . 1 . . . 4 . 3 1 . 1 . . . 2 . 1 19 . 4 3 6 38 Max in Single Turn 14 | . 1 . . . 2 . 1 1 . 1 . . . 1 . . 14 . 1 1 1 6 Garrison Access 4 | . . . . . 1 . . . . 1 . . . . . . 1 . . . . 1 Network Hub 3 | . . . . . . . . . . . . . . . . . 3 . . . . . Machines Repaired . | . . . . . . . . . . . . . . . . . . . . . . . Machines Dismantled . | . . . . . . . . . . . . . . . . . . . . . . . Machines Sabotaged 2 | . . . . . . . . . . . . . . . . . 2 . . . . . Overloaded Fab Kills . | . . . . . . . . . . . . . . . . . . . . . . . Hacking | -11 -10 -10 -10 -9 -8 -7 -7 -7 -7 -5 -5 -5 -4 -4 -4 -4 -4 -3 -3 -2 -2 -2 --------- Run | Yrd Mat Min Exi Min Mat Fac Sto Rec Scr Fac Upp Upp Fac Ext Cet Arc Hub Res Tes Res Qua Frg Machines Accessed 134 | . 8 . 2 . 11 12 3 12 6 12 1 . 13 10 1 . 7 10 4 11 5 6 Terminals 76 | . 6 . . . 8 6 3 5 . 4 . . 7 10 1 . 7 4 3 7 4 1 Fabricators 5 | . . . . . . 1 . . . 2 . . . . . . . 1 . 1 . . Repair Stations 4 | . . . . . . 2 . . . . . . 1 . . . . 1 . . . . Recycling Units 25 | . 2 . . . 1 . . 7 . 4 . . 5 . . . . 2 . 1 . 3 Scanalyzers 12 | . . . . . 1 2 . . . 1 . . . . . . . 2 1 2 1 2 Garrison Access 3 | . . . . . 1 1 . . . 1 . . . . . . . . . . . . Total Hacks 308 | . 19 . 2 . 25 26 3 25 31 17 1 . 24 21 1 . 10 28 11 33 18 13 Successful 199 | . 11 . 2 . 17 16 2 12 31 12 1 . 14 14 1 . 7 17 7 16 11 8 Failed 105 | . 8 . . . 8 10 1 13 . 5 . . 10 7 . . 3 10 3 16 6 5 Catastrophic 16 | . . . . . 1 2 1 2 . 1 . . 2 . . . 2 1 . 3 . 1 Database Lockouts 4 | . . . . . . . . . . . . . . . . . . 1 1 1 1 . Manual 137 | . 14 . 1 . 17 2 2 25 . 6 . . 14 5 1 . 9 10 8 15 4 4 Terminals 188 | . 17 . . . 19 13 3 16 . 7 . . 15 21 1 . 10 13 9 28 14 2 Fabricators 6 | . . . . . . 1 . . . 2 . . . . . . . 2 . 1 . . Repair Stations 12 | . . . . . . 6 . . . . . . 4 . . . . 2 . . . . Recycling Units 29 | . 2 . . . 2 . . 9 . 4 . . 5 . . . . 2 . 1 . 4 Scanalyzers 35 | . . . . . 3 4 . . . 3 . . . . . . . 9 2 3 4 7 Garrison Access 4 | . . . . . 1 2 . . . 1 . . . . . . . . . . . . Terminal Hacks 95 | . 3 . 2 . 5 5 2 1 31 1 1 . 4 12 1 . 2 4 3 10 6 2 Record 32 | . . . 1 . . . . . 30 . . . 1 . . . . . . . . . Part Schematic 2 | . . . . . . . . . . . . . . 2 . . . . . . . . Robot Analysis 1 | . . . . . . . . . . . . . . . . . . . . 1 . . Prototype ID Bank 2 | . 1 . . . . . . . . . . . . 1 . . . . . . . . Open Door 8 | . . . . . . . 2 . . . 1 . . 4 1 . . . . . . . Level Access Points 2 | . . . . . . . . . . . . . . . . . 1 . 1 . . . Branch Access Points 5 | . . . . . 1 1 . . . . . . 1 . . . . 1 . 1 . . Terminal Index 7 | . 1 . . . . 1 . 1 . . . . . . . . 1 1 1 1 . . Recycling Unit Index 1 | . . . . . . . . . . . . . . . . . . . . 1 . . Garrison Index 1 | . . . . . . . . . . . . . . . . . . . . . 1 . Alert Level 4 | . . . . . 1 1 . . . . . . . . . . . . . 1 . 1 Unreport Threat 6 | . . . . . 1 . . . . . . . . . . . . . . 1 4 . Locate Traps 3 | . 1 . . . . . . . . . . . . 1 . . . . . . . 1 Recall Investigation 2 | . . . . . . . . . . . . . . . . . . . . 2 . . Recall Reinforcements 1 | . . . . . . . . . . . . . 1 . . . . . . . . . Recall Assault 1 | . . . . . . . . . . . . . . 1 . . . . . . . . Hauler Manifests 3 | . . . . . 1 1 . . . . . . . 1 . . . . . . . . Registered Components 6 | . . . . . 1 . . . . 1 . . . 1 . . . 1 . 1 1 . Registered Prototypes 4 | . . . . . . 1 . . . . . . 1 . . . . 1 1 . . . Zone Layout 2 | . . . . . . . . . . . . . . 1 . . . . . 1 . . Proto ID Catalog 2 | . . . 1 . . . . . 1 . . . . . . . . . . . . . Fabricator Hacks 5 | . . . . . . 1 . . . 2 . . . . . . . 1 . 1 . . Network Status 5 | . . . . . . 1 . . . 2 . . . . . . . 1 . 1 . . Repair Station Hacks 10 | . . . . . . 6 . . . . . . 2 . . . . 2 . . . . Scan Component 5 | . . . . . . 3 . . . . . . 1 . . . . 1 . . . . Repair 5 | . . . . . . 3 . . . . . . 1 . . . . 1 . . . . Recycling Unit Hacks 1 | . . . . . 1 . . . . . . . . . . . . . . . . . Retrieve Components 1 | . . . . . 1 . . . . . . . . . . . . . . . . . Scanalyzer 21 | . . . . . 2 3 . . . 3 . . . . . . . 5 1 2 2 3 Retrieve Study 21 | . . . . . 2 3 . . . 3 . . . . . . . 5 1 2 2 3 Garrison Access Hacks 2 | . . . . . 1 . . . . 1 . . . . . . . . . . . . Seal Access 2 | . . . . . 1 . . . . 1 . . . . . . . . . . . . Unauthorized Hacks 65 | . 8 . . . 8 1 . 11 . 5 . . 8 2 . . 5 5 3 3 3 3 Terminals 42 | . 6 . . . 8 1 . 5 . 1 . . 3 2 . . 5 3 3 2 3 . Track 1 | . . . . . . . . . . . . . . . . . . 1 . . . . Botnet 22 | . 2 . . . 2 1 . 2 . 1 . . 2 2 . . 2 2 2 1 3 . Operators 4 | . . . . . 1 . . . . . . . 1 . . . . . 1 1 . . Skim 12 | . 4 . . . 5 . . 3 . . . . . . . . . . . . . . Sabotage 3 | . . . . . . . . . . . . . . . . . 3 . . . . . Fabricators . | . . . . . . . . . . . . . . . . . . . . . . . Repair Stations . | . . . . . . . . . . . . . . . . . . . . . . . Recycling Units 23 | . 2 . . . . . . 6 . 4 . . 5 . . . . 2 . 1 . 3 Tunnel 8 | . 2 . . . . . . 6 . . . . . . . . . . . . . . Fedlink 15 | . . . . . . . . . . 4 . . 5 . . . . 2 . 1 . 3 Scanalyzers . | . . . . . . . . . . . . . . . . . . . . . . . Garrison Access . | . . . . . . . . . . . . . . . . . . . . . . . Data Cores Recovered 2 | . . . . . . . . . . . . . . 2 . . . . . . . . Used . | . . . . . . . . . . . . . . . . . . . . . . . Hacking Detections 72 | . 6 . . . 8 9 2 6 . 5 . . 8 9 1 . 3 2 1 7 5 . Full Trace Events 4 | . . . . . . 2 . 1 . 1 . . . . . . . . . . . . Feedback Events 1 | . . . . . . . . 1 . . . . . . . . . . . . . . Corruption 1 | . . . . . . . . 1 . . . . . . . . . . . . . . Feedback Blocked . | . . . . . . . . . . . . . . . . . . . . . . . Robot Schematics Acquired . | . . . . . . . . . . . . . . . . . . . . . . . Robots Built . | . . . . . . . . . . . . . . . . . . . . . . . Authchips . | . . . . . . . . . . . . . . . . . . . . . . . Time . | . . . . . . . . . . . . . . . . . . . . . . . Total Robot Build Rating . | . . . . . . . . . . . . . . . . . . . . . . . Part Schematics Acquired 2 | . . . . . . . . . . . . . . 2 . . . . . . . . Parts Built . | . . . . . . . . . . . . . . . . . . . . . . . Authchips . | . . . . . . . . . . . . . . . . . . . . . . . Time . | . . . . . . . . . . . . . . . . . . . . . . . Total Part Build Rating . | . . . . . . . . . . . . . . . . . . . . . . . Part Studies Acquired 21 | . . . . . 2 3 . . . 3 . . . . . . . 5 1 2 2 3 Parts Repaired 5 | . . . . . . 3 . . . . . . 1 . . . . 1 . . . . Time 173 | . . . . . . 129 . . . . . . 22 . . . . 22 . . . . Parts Recycled . | . . . . . . . . . . . . . . . . . . . . . . . Recycled Matter . | . . . . . . . . . . . . . . . . . . . . . . . Retrieved Matter . | . . . . . . . . . . . . . . . . . . . . . . . Retrieved Components 10 | . . . . . 10 . . . . . . . . . . . . . . . . . Parts Scanalyzed . | . . . . . . . . . . . . . . . . . . . . . . . Part Schematics Acquired . | . . . . . . . . . . . . . . . . . . . . . . . Parts Damaged . | . . . . . . . . . . . . . . . . . . . . . . . Bothacking | -11 -10 -10 -10 -9 -8 -7 -7 -7 -7 -5 -5 -5 -4 -4 -4 -4 -4 -3 -3 -2 -2 -2 ------------ Run | Yrd Mat Min Exi Min Mat Fac Sto Rec Scr Fac Upp Upp Fac Ext Cet Arc Hub Res Tes Res Qua Frg Used RIF Installer . | . . . . . . . . . . . . . . . . . . . . . . . Robots Hacked 2 | . . . . . 2 . . . . . . . . . . . . . . . . . Non-combat 2 | . . . . . 2 . . . . . . . . . . . . . . . . . Combat . | . . . . . . . . . . . . . . . . . . . . . . . Robot Hacks Applied 3 | . . . . . 3 . . . . . . . . . . . . . . . . . parse_system 2 | . . . . . 2 . . . . . . . . . . . . . . . . . no_distress 1 | . . . . . 1 . . . . . . . . . . . . . . . . . Relay Couplers Released 2 | . . . . . . . . . . . . . . . . . 2 . . . . . Machine Destruction 2 | . . . . . . . . . . . . . . . . . 2 . . . . . Fabnet Peak Effective % . | . . . . . . . . . . . . . . . . . . . . . . . Robots Rewired 34 | . . . 5 . . . . 9 . . . . . 19 . . . . 1 . . . Allies Hacked 1 | . . . . . . . . . . . . . . 1 . . . . . . . . Hacks Repelled . | . . . . . . . . . . . . . . . . . . . . . . . Allies | -11 -10 -10 -10 -9 -8 -7 -7 -7 -7 -5 -5 -5 -4 -4 -4 -4 -4 -3 -3 -2 -2 -2 -------- Run | Yrd Mat Min Exi Min Mat Fac Sto Rec Scr Fac Upp Upp Fac Ext Cet Arc Hub Res Tes Res Qua Frg Total Allies 46 | . . 3 5 . . . . 9 . . . . . 23 5 . . . 1 . . . Largest Group 19 | . . 3 8 6 5 . . 9 9 9 . . . 18 19 15 11 . 1 . . . Highest-Rated Group 1161 | . . 40 106 82 60 . . 257 257 257 . . . 846 1161 853 686 . 114 . . . Highest-Rated Ally 159 | . . 16 21 21 20 . . 40 40 40 . . . 159 159 96 96 . 114 . . . Initial UFD Resources 110 | . . . . . . . . . . 39 57 57 59 79 79 79 79 82 96 100 110 110 Total Orders 18 | . . . . . . . 7 . 3 . . . . . 4 4 . . . . . . STAY 5 | . . . . . . . . . 1 . . . . . 2 2 . . . . . . FOLLOW 6 | . . . . . . . . . 2 . . . . . 2 2 . . . . . . EXPLORE 6 | . . . . . . . 6 . . . . . . . . . . . . . . . RETURN 1 | . . . . . . . 1 . . . . . . . . . . . . . . . Ally Attacks 425 | . . 7 . 15 45 . . 16 . 33 . . . 112 85 41 68 . 3 . . . Total Damage 11930 | . . 51 . 175 570 . . 312 . 481 . . . 3327 2565 1310 3045 . 94 . . . Kills 68 | . . 2 . 6 9 . . 2 . 3 . . . 21 11 4 10 . . . . . Allies Corrupted 2 | . . . . . . . 2 . . . . . . . . . . . . . . . Allies Melted 1 | . . . . . . . . . . . . . . . . . . . 1 . . . Intel | -11 -10 -10 -10 -9 -8 -7 -7 -7 -7 -5 -5 -5 -4 -4 -4 -4 -4 -3 -3 -2 -2 -2 ------- Run | Yrd Mat Min Exi Min Mat Fac Sto Rec Scr Fac Upp Upp Fac Ext Cet Arc Hub Res Tes Res Qua Frg Active Infowar (turns) 22729 | 20 1007 804 1174 1062 2433 2914 835 1285 2684 733 342 750 390 1017 601 336 225 819 258 511 259 2270 Optics 4114 | . . . . . . . . . . . . . . . . . . 816 258 511 259 2270 Sensors 5974 | . . 3 . . . . . . . 692 320 750 341 760 254 48 178 733 250 466 191 988 Terrain 1778 | . . . . . . . . . . . . 559 . . . . . 157 240 415 221 186 Seismic 15092 | 20 1007 801 1174 1062 2433 2914 835 1285 2684 55 . . 168 14 . 46 225 . . 369 . . Cloaking 2729 | . . . . . . . . . . . . . . . . . . . . 316 144 2269 Jamming 5510 | . . . . . . . . . . 703 342 191 222 775 601 336 210 722 38 54 71 1245 Robot Analysis Total 1 | . . . . . . . . . . . . . . . . . . . . 1 . . Derelict Logs Recovered 5 | . . 3 . . . . . . . . 2 . . . . . . . . . . . Drone Launches 27 | . . . . . . . 27 . . . . . . . . . . . . . . . Drone Recoveries 12 | . . . . . . . 12 . . . . . . . . . . . . . . . Exploration | -11 -10 -10 -10 -9 -8 -7 -7 -7 -7 -5 -5 -5 -4 -4 -4 -4 -4 -3 -3 -2 -2 -2 ------------- Run | Yrd Mat Min Exi Min Mat Fac Sto Rec Scr Fac Upp Upp Fac Ext Cet Arc Hub Res Tes Res Qua Frg Turns Passed 25481 | 105 1799 808 1174 1062 3461 3336 1052 1348 2688 733 342 750 401 1143 601 336 225 820 258 511 259 2269 Spaces Moved 18839 | 41 769 325 464 226 1304 1318 362 601 1323 1280 734 514 720 1146 235 273 339 1084 394 753 419 4215 Core 2 | 2 . . . . . . . . . . . . . . . . . . . . . . Treads 6731 | 39 769 325 464 226 1304 1318 362 601 1323 . . . . . . . . . . . . . Legs . | . . . . . . . . . . . . . . . . . . . . . . . Wheels . | . . . . . . . . . . . . . . . . . . . . . . . Hover 12106 | . . . . . . . . . . 1280 734 514 720 1146 235 273 339 1084 394 753 419 4215 Flight . | . . . . . . . . . . . . . . . . . . . . . . . Fastest Speed 27 | 50 160 240 240 240 145 185 198 198 201 36 36 36 34 34 38 46 40 40 40 36 30 27 Average Speed 97 | 154 197 240 240 240 179 212 198 200 201 36 36 36 37 36 88 48 46 45 40 38 38 35 Slowest Speed 240 | 160 240 240 240 240 230 231 198 201 201 100 36 36 102 98 98 50 106 52 40 40 40 105 Overloaded Moves 200 | . . . . . . . . . . . . . . . . . . . . . 63 137 Propulsion Burnouts . | . . . . . . . . . . . . . . . . . . . . . . . Robots Hopped . | . . . . . . . . . . . . . . . . . . . . . . . Potential Cave-ins 6 | . . . . . . . . . . . . . . . . . . . . . . 6 Cave-ins Triggered . | . . . . . . . . . . . . . . . . . . . . . . . Exploration Rate (%) 56 | 4 95 80 89 42 73 31 63 98 89 31 80 21 22 89 66 96 34 28 31 30 52 64 Regions Visited 22 Branch Regions 15 Pre-discovered Areas 12 | . 2 1 1 . 1 . . 6 . 1 . . . . . . . . . . . . Known Exits Taken 14 | . . . . . 1 1 . . . 1 1 1 1 1 1 1 1 1 1 1 1 . Unknown Exits Taken 8 | 1 1 1 1 1 . . 1 1 1 . . . . . . . . . . . . . Scrap Searched 8 | . . . . 1 . . . . 3 . 4 . . . . . . . . . . . Spaces Dug 174 | . . . . . . 9 . . . 25 6 10 14 7 . . 3 17 2 17 8 56 Terrain Destroyed 864 | . 26 19 . . 56 38 25 . . 34 9 24 19 170 . . 175 59 2 68 64 76 Melee 46 | . . . . . . 9 . . . 12 . . . 1 . . 1 11 2 9 . 1 Projectile 215 | . . . . . 1 1 3 . . 22 9 24 19 15 . . 5 10 . 15 16 75 AOE 601 | . 26 19 . . 55 28 22 . . . . . . 154 . . 169 36 . 44 48 . Terrain Rammed . | . . . . . . . . . . . . . . . . . . . . . . . Walls Destroyed . | . . . . . . . . . . . . . . . . . . . . . . . Machines Disabled . | . . . . . . . . . . . . . . . . . . . . . . . Actions | -11 -10 -10 -10 -9 -8 -7 -7 -7 -7 -5 -5 -5 -4 -4 -4 -4 -4 -3 -3 -2 -2 -2 --------- Run | Yrd Mat Min Exi Min Mat Fac Sto Rec Scr Fac Upp Upp Fac Ext Cet Arc Hub Res Tes Res Qua Frg Total 24581 | 63 974 348 522 749 2202 1673 634 714 1355 1492 785 1053 817 1761 627 458 395 1331 462 913 482 4771 Wait 3451 | 5 109 9 10 500 534 129 153 38 11 63 15 514 45 399 345 144 36 126 13 76 7 170 Move 18817 | 40 768 324 463 225 1303 1317 361 600 1322 1279 733 513 719 1145 234 272 338 1083 393 752 418 4215 Hop . | . . . . . . . . . . . . . . . . . . . . . . . Pick Up 192 | 2 24 1 3 8 42 24 10 1 3 12 3 . 4 6 6 7 . 11 2 4 4 15 Fast Attach 140 | 7 1 2 . . 13 13 10 . 4 13 4 . 8 6 12 3 . 5 10 6 4 19 Attach 64 | . . . . . 5 5 2 1 . 14 . . 2 4 1 2 . 8 . 3 5 12 Detach 40 | . . 1 . . 1 1 2 . 1 2 . . 1 1 4 1 . 3 3 . 3 16 Swap 272 | 1 11 5 . 3 44 51 22 4 . 6 3 2 7 28 4 3 7 21 1 20 6 23 Drop 279 | . 9 3 3 10 53 32 19 . 7 33 7 . 5 8 18 9 4 11 11 7 4 26 Fire 792 | 8 49 3 4 3 116 81 48 17 . 24 9 24 25 78 . 7 6 47 . 28 31 184 Melee 154 | . . . . . 4 19 . . . 34 11 . 1 11 3 10 4 16 22 17 . 2 Ram . | . . . . . . . . . . . . . . . . . . . . . . . Kick . | . . . . . . . . . . . . . . . . . . . . . . . Crush 14 | . 3 . . . 10 1 . . . . . . . . . . . . . . . . Escape Stasis 44 | . . . . . . . . . . 12 . . . 13 . . . . . . . 19 Rewire 168 | . . . 39 . . . . 53 7 . . . . 62 . . . . 7 . . . Trap 77 | . . . . . 77 . . . . . . . . . . . . . . . . . Miscellaneous 77 | . . . . . . . 7 . . . . . . . . . . . . . . 70 Route ------- -11/Scrapyard -10/Materials (discovered 5 exits: [*Mat x3] / [*Min x2]) -10/Mines (discovered 2 exits: [*Mat] / *Exi) -10/Exiles -9/Mines -8/Materials (discovered 3 exits: *Fac x3) -7/Factory (discovered 8 exits: *Fac x4 / *Sto x2 / *Low x2) -7/Storage -7/Recycling (discovered 2 exits: *Fac / *Scr) -7/Scraptown (discovered 2 exits: *Fac x2) -5/Factory (discovered 4 exits: *Fac x3 / *Upp) -5/Upper Caves -5/Upper Caves -4/Factory (discovered 5 exits: *Upp x2 / *Ext x2 / Arm) -4/Extension (discovered 2 exits: *Res / *Cet) -4/Cetus (discovered 2 exits: *Res / *Arc) -4/Archives (discovered 3 exits: *Res / *Hub x2) -4/Hub_04(d) (discovered 4 exits: *Res x4) -3/Research (discovered 3 exits: *Res / *Tes x2) -3/Testing -2/Research (discovered 3 exits: *Acc / *Qua x2) -2/Quarantine (discovered 3 exits: *Acc / *Sec / *Frg) -2/Protoforge 0bPrime History --------- Turn | Location | Event 6 | -11/Scrapyard | Discovered new exit (range 15) 106 | -11/Scrapyard | Entered Materials 107 | -10/Materials | Met a group of wandering Federalists 261 | -10/Materials | Lost 4 allies 272 | -10/Materials | Discovered new exit (range 15) 316 | -10/Materials | Build established: Mutant 870 | -10/Materials | Discovered new exit (range 14) 1098 | -10/Materials | Discovered new exit (range 6) 1302 | -10/Materials | Discovered new exit (range 15) 1566 | -10/Materials | Discovered new exit (range 9) 1905 | -10/Materials | Entered Mines 1916 | -10/Mines | Learned location of 1 exit from Materials 1983 | -10/Mines | Assisted by bots powering up and referring to "LRC-V3" 2137 | -10/Mines | Learned Materials security intel 2253 | -10/Mines | Found a damaged Exp. Sensor Array with a note attached 2259 | -10/Mines | Found Prototype Device 2259 | -10/Mines | Identified Exp. Sensor Array 2295 | -10/Mines | Learned location of Storage (-7) 2464 | -10/Mines | A weapon hastily lodged in a ceiling crevice suddenly fell to the ground 2544 | -10/Mines | Deemed a non-threat by the Exiles lab entrance 2544 | -10/Mines | Discovered new exit (range 5) 2580 | -10/Mines | Discovered new exit (range 5) 2713 | -10/Mines | Entered Exiles 2713 | -10/Exiles | Found Exiles lab destroyed 2713 | -10/Exiles | Accompanied by 3 allies 3110 | -10/Exiles | Build established: Commander-Mutant 3330 | -10/Exiles | Learned location of Zion (-7) 3446 | -10/Exiles | Opened EX-Vault 3463 | -10/Exiles | Found 0b10 Alert Chip 3854 | -10/Exiles | Discovered new exit (range 14) 3887 | -10/Exiles | Entered Mines 3887 | -9/Mines | Accompanied by 8 allies 3896 | -9/Mines | Met a Derelict bent on vengeance 4097 | -9/Mines | Discovered new exit (range 7) 4386 | -9/Mines | Assembled infested the area 4391 | -9/Mines | Assisted by a Guerilla fighting off Assembled 4949 | -9/Mines | Entered Materials 4949 | -8/Materials | Accompanied by 5 allies 4949 | -8/Materials | Evolved 4 slots: Propulsion x3, Utility x1 4950 | -8/Materials | Identified exit to Factory 5247 | -8/Materials | Build established: Scavenger-Mutant 5277 | -8/Materials | Garrison activated, responded to threat 5328 | -8/Materials | Destroyed 7 combat bots 5334 | -8/Materials | Lost 3 allies 5564 | -8/Materials | Discovered exit to Factory (range 9) 6088 | -8/Materials | Build established: Mutant 6104 | -8/Materials | Discovered exit to Factory (range 16) 6692 | -8/Materials | Learned Factory emergency access door positions 6769 | -8/Materials | Learned location of 1 exit from Lower Caves 6834 | -8/Materials | Learned location of 2 exits from Factory 6891 | -8/Materials | Learned location of 1 exit from Lower Caves 6938 | -8/Materials | Learned Storage emergency access door positions 6963 | -8/Materials | Build established: Hauler-Mutant 6974 | -8/Materials | Learned location of 1 exit from Extension 8410 | -8/Materials | Entered Factory 8410 | -7/Factory | Evolved 2 slots: Utility x2 8411 | -7/Factory | Identified exit to Factory 8412 | -7/Factory | Identified exit to Lower Caves 8653 | -7/Factory | Discovered exit to Factory (range 11) 8794 | -7/Factory | Identified exit to Storage 9654 | -7/Factory | Repaired Broken Adv. Treads 10352 | -7/Factory | Discovered exit to Factory (range 8) 10795 | -7/Factory | System corruption reached 10% 11205 | -7/Factory | Repaired Arm. Treads 11252 | -7/Factory | Repaired Adv. Treads+ 11746 | -7/Factory | Entered Storage 11839 | -7/Storage | Allied Derelicts emerged from ambush trap array 11921 | -7/Storage | Lost 8 allies 12083 | -7/Storage | Used back door to open Recycling access 12083 | -7/Storage | Discovered new exit (range 5) 12526 | -7/Storage | Found Prototype Launcher 12526 | -7/Storage | Identified Rocket Array 12798 | -7/Storage | Entered Recycling 13230 | -7/Recycling | Build established: Commander-Mutant 13609 | -7/Recycling | Scanned before Scraplab entrance 13891 | -7/Recycling | Discovered new exit (range 15) 14088 | -7/Recycling | Entered Scraplab 14104 | -7/Recycling | Discovered new exit (range 2) 14146 | -7/Recycling | Entered Scraptown 14146 | -7/Scraptown | Accompanied by 9 allies 14146 | -7/Scraptown | System corruption cleaned by C-Scrubber 14444 | -7/Scraptown | Discovered new exit (range 5) 14565 | -7/Scraptown | Visited The Evicted 14611 | -7/Scraptown | Visited Red Mages 14989 | -7/Scraptown | Visited Comm Corps 15094 | -7/Scraptown | Visited Symbiants 15186 | -7/Scraptown | Visited Awakened 15232 | -7/Scraptown | Visited Shadow of the Wyrm 15322 | -7/Scraptown | Visited Cyclists 15378 | -7/Scraptown | Visited UFD Registry 15378 | -7/Scraptown | Registered with UFD as "Protonroller" 15410 | -7/Scraptown | Entered Cyclist Reading Room 15515 | -7/Scraptown | Visited Scrapoid Pod Storage 15567 | -7/Scraptown | Visited Science Guys 15814 | -7/Scraptown | Visited Supply Room 15848 | -7/Scraptown | Visited Infowarlord's Domain 15879 | -7/Scraptown | Visited Chapter 10 15987 | -7/Scraptown | Discovered new exit (range 3) 16103 | -7/Scraptown | Visited Scrapoid Research Area 16171 | -7/Scraptown | Visited Abandonware Association 16217 | -7/Scraptown | Learned abandonware demo "REPAIR.EXE" 16217 | -7/Scraptown | Learned abandonware demo "POISON.EXE" 16267 | -7/Scraptown | Visited Science Testing Area 16485 | -7/Scraptown | Found Exp. Terrain Scan Processor 16723 | -7/Scraptown | Met Optimus 16723 | -7/Scraptown | Accepted into 0bPrime 16834 | -7/Scraptown | Entered Factory 16834 | -5/Factory | Accompanied by 9 allies 16834 | -5/Factory | Evolved 4 slots: Power x1, Propulsion x1, Utility x2 16870 | -5/Factory | Spotted B-75 Beast 16938 | -5/Factory | Loaded intel: 8 recycling unit locations 17090 | -5/Factory | Learned location of Protoforge (-2) 17165 | -5/Factory | Discovered new exit (range 12) 17169 | -5/Factory | Identified exit to Upper Caves 17317 | -5/Factory | Discovered new exit (range 16) 17319 | -5/Factory | Discovered new exit (range 15) 17322 | -5/Factory | Identified exit to Factory 17374 | -5/Factory | Build established: Hacker-Mutant 17377 | -5/Factory | Discovered exit to Factory (range 5) 17567 | -5/Factory | Entered Upper Caves 17718 | -5/Upper Caves | Learned Factory terminal intel 17861 | -5/Upper Caves | Discovered new exit (range 16) 17866 | -5/Upper Caves | Identified exit to Upper Caves 17909 | -5/Upper Caves | Entered another Upper Caves area 17927 | -5/Upper Caves | Discovered exit to Factory (range 4) 18405 | -5/Upper Caves | Build established: Scavenger-Scout 18659 | -5/Upper Caves | Entered Factory 18659 | -4/Factory | Evolved 2 slots: Propulsion x1, Utility x1 18660 | -4/Factory | Identified exit to Upper Caves 18661 | -4/Factory | Loaded intel: 28 terminal locations 18706 | -4/Factory | Repaired Gravmag System+ 18786 | -4/Factory | Identified exit to Extension 18786 | -4/Factory | Identified exit to Armory 18863 | -4/Factory | Loaded intel: 8 recycling unit locations 18926 | -4/Factory | Spotted B-86 Titan 18963 | -4/Factory | Build established: Hacker-Mutant 19060 | -4/Factory | Entered Extension 19061 | -4/Extension | Identified exit to Research 19178 | -4/Extension | Rescued A7 19183 | -4/Extension | Rescued a captive Derelict 19194 | -4/Extension | Attached CPS modules to A7 19647 | -4/Extension | Spotted B-86 Titan 19651 | -4/Extension | Allies destroyed B-86 Titan 19652 | -4/Extension | Spotted B-86 Titan 19707 | -4/Extension | Lost 4 allies 19715 | -4/Extension | Rescued a captive Derelict 19810 | -4/Extension | First assault squad dispatched 19843 | -4/Extension | Watched by a mysterious "MATRIX" hacker 19995 | -4/Extension | Rescued a captive Derelict 20090 | -4/Extension | Discovered new exit (range 6) 20113 | -4/Extension | Identified exit to Cetus 20132 | -4/Extension | Build established: Commander-Mutant 20203 | -4/Extension | Entered Cetus 20203 | -4/Cetus | Accompanied by 18 allies (A7) 20208 | -4/Cetus | Acquired a Cetus Manufacturing Module code from A7 20228 | -4/Cetus | Spotted Cetus Guard 20232 | -4/Cetus | Spotted Cetus Guard 20238 | -4/Cetus | Allies destroyed Cetus Guard 20247 | -4/Cetus | Allies destroyed Cetus Guard 20268 | -4/Cetus | Lost 4 allies 20316 | -4/Cetus | Started Cetus Manufacturing Module 20323 | -4/Cetus | Escorted A7 to Cetus Mainframe 20341 | -4/Cetus | Manufactured an Enhanced Grunt 20347 | -4/Cetus | Discovered new exit (range 16) 20361 | -4/Cetus | Identified exit to Archives 20366 | -4/Cetus | Manufactured an Enhanced Grunt 20391 | -4/Cetus | Manufactured an Enhanced Grunt 20416 | -4/Cetus | Manufactured an Enhanced Grunt 20441 | -4/Cetus | Manufactured an Enhanced Grunt 20525 | -4/Cetus | Spotted Cetus Guard 20525 | -4/Cetus | Spotted Cetus Guard 20526 | -4/Cetus | Spotted Cetus Guard 20526 | -4/Cetus | Spotted Cetus Guard 20540 | -4/Cetus | Allies destroyed Cetus Guard 20555 | -4/Cetus | Allies destroyed Cetus Guard 20555 | -4/Cetus | Allies destroyed Cetus Guard 20561 | -4/Cetus | Allies destroyed Cetus Guard 20575 | -4/Cetus | Discovered exit to Research (range 16) 20580 | -4/Cetus | Met Revision 17 20681 | -4/Cetus | Murdered A7 20686 | -4/Cetus | Found Prototype Protection 20686 | -4/Cetus | Identified Med. Regenerative Plating 20689 | -4/Cetus | Extracted ID and sensor layout for unrecognized location from A7's data core 20804 | -4/Cetus | Entered Archives 20804 | -4/Archives | Accompanied by 15 allies 20863 | -4/Archives | Discovered new exit (range 16) 20867 | -4/Archives | Discovered new exit (range 15) 20874 | -4/Archives | Identified exit to Hub_04(d) 20886 | -4/Archives | Lost 4 allies 21040 | -4/Archives | Discovered exit to Research (range 15) 21140 | -4/Archives | Entered Hub_04(d) 21140 | -4/Hub_04(d) | Accompanied by 11 allies 21220 | -4/Hub_04(d) | Garrison activated, responded to threat 21254 | -4/Hub_04(d) | Lost 3 allies 21320 | -4/Hub_04(d) | Network Hub disabled 21333 | -4/Hub_04(d) | Network Hub disabled 21362 | -4/Hub_04(d) | Spotted Lightning 21362 | -4/Hub_04(d) | Network Hub disabled 21365 | -4/Hub_04(d) | Entered Research 21365 | -3/Research | Evolved 2 slots: Utility x2 21388 | -3/Research | Discovered new exit (range 10) 21392 | -3/Research | Identified exit to Research 21396 | -3/Research | Lost 3 parts (2n1u) 21406 | -3/Research | Spotted B-86 Titan 21438 | -3/Research | Central database locked down 21445 | -3/Research | Found Unknown Launcher 21445 | -3/Research | Identified Fusion Bomb Launcher 21547 | -3/Research | Spotted B-86 Titan 21565 | -3/Research | Revision forces began assault on 0b10 21573 | -3/Research | Identified exit to Testing 21621 | -3/Research | Met up with Revision 17++ 21651 | -3/Research | Loaded intel: 5 recycling unit locations 21718 | -3/Research | Spotted B-86 Titan 21801 | -3/Research | Repaired Mic. Antimatter Reactor+ 21982 | -3/Research | Build established: Scavenger-Ninja 22065 | -3/Research | Research terminal network offline 22185 | -3/Research | Entered Testing 22201 | -3/Testing | Found Prototype Device 22201 | -3/Testing | Identified AEGIS Remote Shield 22215 | -3/Testing | Found Prototype Ballistic Gun 22215 | -3/Testing | Identified Hyp. Multirail 22264 | -3/Testing | Found Prototype Hackware 22264 | -3/Testing | Identified Exp. Hacking Suite 22278 | -3/Testing | Rewired PL-H3XMATRH94 22374 | -3/Testing | Central database locked down 22443 | -3/Testing | Entered Research 22443 | -2/Research | Evolved 2 slots: Power x1, Utility x1 22524 | -2/Research | Spotted B-90 Cyclops 22550 | -2/Research | Identified exit to Quarantine 22647 | -2/Research | Discovered new exit (range 14) 22674 | -2/Research | Central database locked down 22687 | -2/Research | Identified exit to Access 22744 | -2/Research | Spotted B-90 Cyclops 22849 | -2/Research | Spotted B-90 Cyclops 22855 | -2/Research | Loaded intel: 5 recycling unit locations 22954 | -2/Research | Entered Quarantine 22991 | -2/Quarantine | Central database locked down 22993 | -2/Quarantine | Destroyed 8 combat bots 23000 | -2/Quarantine | Lost 3 parts (1p1n1w) 23001 | -2/Quarantine | Cryocooling Duct disabled 23014 | -2/Quarantine | Found Alien Artifact 23016 | -2/Quarantine | Ambient heat levels rising (+20) 23016 | -2/Quarantine | Non-combat units ordered to evacuate 23030 | -2/Quarantine | Found Alien Artifact 23065 | -2/Quarantine | Found Alien Energy Cannon 23139 | -2/Quarantine | Discovered exit to Access (range 20) 23143 | -2/Quarantine | Targeted by mysterious "MATRIX" hacker 23162 | -2/Quarantine | Found Alien Artifact 23162 | -2/Quarantine | Identified Phase Redirector 23183 | -2/Quarantine | Spotted Fortress 23191 | -2/Quarantine | Build established: Hacker-Scout 23207 | -2/Quarantine | Discovered new exit (range 9) 23208 | -2/Quarantine | Discovered new exit (range 7) 23209 | -2/Quarantine | Identified exit to Section 7 23210 | -2/Quarantine | Identified exit to Protoforge 23213 | -2/Quarantine | Entered Protoforge 23245 | -2/Protoforge | Spotted Hotshot 23281 | -2/Protoforge | Spotted Hotshot 23282 | -2/Protoforge | Spotted Hotshot 23282 | -2/Protoforge | Spotted Hotshot 23290 | -2/Protoforge | Superfortress began startup sequence 23303 | -2/Protoforge | Spotted Hotshot 23303 | -2/Protoforge | Spotted Hotshot 23312 | -2/Protoforge | Discovered exit to Access (range 18) 23348 | -2/Protoforge | Found Prototype Slashing Weapon 23348 | -2/Protoforge | Identified Exp. Terror Saw 23367 | -2/Protoforge | Identified Core Cannon 23371 | -2/Protoforge | Additional patrols dispatched to research labs 23371 | -2/Protoforge | Spotted Hotshot 23392 | -2/Protoforge | Found Prototype Protection 23392 | -2/Protoforge | Identified Cep. Core Shell 23418 | -2/Protoforge | Spotted EXE-6 23421 | -2/Protoforge | Spotted EXE-6 23424 | -2/Protoforge | Lost 3 parts (1n1u1w) 23429 | -2/Protoforge | Spotted Decapitator 23430 | -2/Protoforge | Spotted Decapitator 23439 | -2/Protoforge | UFD initiated attack on Protoforge (Readiness: High) 23439 | -2/Protoforge | Loaded intel: 3 recycling unit locations 23475 | -2/Protoforge | Optimus greeted in Protoforge 23492 | -2/Protoforge | Found Prototype Processor 23492 | -2/Protoforge | Identified Exp. Core Analyzer 23494 | -2/Protoforge | Found Prototype Processor 23494 | -2/Protoforge | Identified Exp. Armor Integrity Analyzer 23502 | -2/Protoforge | Identified Transdimensional Reconstructor 23502 | -2/Protoforge | Forge Plexus network access discovered 23530 | -2/Protoforge | Spotted EXE-6 23531 | -2/Protoforge | Spotted EXE-6 23544 | -2/Protoforge | Destroyed EXE-6 23550 | -2/Protoforge | Destroyed EXE-6 23621 | -2/Protoforge | Met 7R-MNS 23623 | -2/Protoforge | Spotted AP7-3 23654 | -2/Protoforge | Spotted Striker 23655 | -2/Protoforge | Lost 3 allies 23669 | -2/Protoforge | Destroyed 8 combat bots 23734 | -2/Protoforge | Spotted Hotshot 23745 | -2/Protoforge | UFD reported confirmed Drillbomb installation 23753 | -2/Protoforge | Spotted Executioner 23787 | -2/Protoforge | Spotted Striker 23797 | -2/Protoforge | Destroyed Hotshot 23803 | -2/Protoforge | Destroyed Hotshot 23837 | -2/Protoforge | Spotted Executioner 23854 | -2/Protoforge | Spotted Striker 23874 | -2/Protoforge | Spotted Striker 23879 | -2/Protoforge | Destroyed Striker 23906 | -2/Protoforge | Destroyed Executioner 23908 | -2/Protoforge | Spotted Executioner 23909 | -2/Protoforge | Spotted Striker 23910 | -2/Protoforge | Destroyed Executioner 23913 | -2/Protoforge | Spotted Executioner 23943 | -2/Protoforge | Lost 7 allies 23982 | -2/Protoforge | Found UFD Drillbomb 23984 | -2/Protoforge | UFD reported confirmed Drillbomb installation 24022 | -2/Protoforge | UFD reported confirmed Drillbomb installation 24025 | -2/Protoforge | Spotted Executioner 24046 | -2/Protoforge | Installed UFD Drillbomb at designated target 24046 | -2/Protoforge | UFD reported confirmed Drillbomb installation 24068 | -2/Protoforge | Spotted Executioner 24093 | -2/Protoforge | Found UFD Drillbomb 24106 | -2/Protoforge | Spotted Executioner 24107 | -2/Protoforge | Triborg destroyed during the operation 24107 | -2/Protoforge | Optimus emerged from Triborg 24111 | -2/Protoforge | Destroyed Executioner 24218 | -2/Protoforge | Destroyed Hotshot 24222 | -2/Protoforge | Destroyed Hotshot 24262 | -2/Protoforge | Destroyed 8 combat bots 24271 | -2/Protoforge | Installed UFD Drillbomb at designated target 24271 | -2/Protoforge | UFD reported confirmed Drillbomb installation 24278 | -2/Protoforge | Found UFD Drillbomb 24295 | -2/Protoforge | Spotted Immortal 24299 | -2/Protoforge | Spotted Striker 24302 | -2/Protoforge | Spotted Striker 24303 | -2/Protoforge | Destroyed Hotshot 24325 | -2/Protoforge | Spotted Striker 24383 | -2/Protoforge | Lost 4 allies 24420 | -2/Protoforge | Spotted Executioner 24421 | -2/Protoforge | Destroyed Hotshot 24438 | -2/Protoforge | Spotted Striker 24511 | -2/Protoforge | Spotted Immortal 24525 | -2/Protoforge | Installed UFD Drillbomb at designated target 24525 | -2/Protoforge | UFD reported confirmed Drillbomb installation 24590 | -2/Protoforge | Spotted Striker 24599 | -2/Protoforge | Spotted Striker 24605 | -2/Protoforge | Spotted Executioner 24605 | -2/Protoforge | Spotted Striker 24638 | -2/Protoforge | Spotted Executioner 24640 | -2/Protoforge | Spotted Striker 24675 | -2/Protoforge | Found Prototype Processor 24675 | -2/Protoforge | Identified Exp. Targeting Computer 24696 | -2/Protoforge | Found Cep. Core Shell 24727 | -2/Protoforge | Found UFD Drillbomb 24730 | -2/Protoforge | Build established: Scavenger-Mutant 24831 | -2/Protoforge | Installed UFD Drillbomb at designated target 24831 | -2/Protoforge | UFD reported confirmed Drillbomb installation 24835 | -2/Protoforge | Spotted Striker 24835 | -2/Protoforge | Spotted Striker 24865 | -2/Protoforge | Found UFD Drillbomb 24867 | -2/Protoforge | Spotted Striker 24868 | -2/Protoforge | Spotted Executioner 24973 | -2/Protoforge | Installed UFD Drillbomb at designated target 24973 | -2/Protoforge | UFD reported confirmed Drillbomb installation 24977 | -2/Protoforge | Found UFD Drillbomb 24995 | -2/Protoforge | Spotted Striker 25038 | -2/Protoforge | Installed UFD Drillbomb at designated target 25038 | -2/Protoforge | UFD reported confirmed Drillbomb installation 25086 | -2/Protoforge | Found UFD Drillbomb 25121 | -2/Protoforge | Spotted Executioner 25129 | -2/Protoforge | Spotted Executioner 25130 | -2/Protoforge | Destroyed Executioner 25132 | -2/Protoforge | Destroyed Executioner 25153 | -2/Protoforge | Destroyed 10 combat bots 25154 | -2/Protoforge | Lost 11 allies 25157 | -2/Protoforge | Spotted Executioner 25182 | -2/Protoforge | Spotted Striker 25201 | -2/Protoforge | Spotted Executioner 25202 | -2/Protoforge | Spotted Executioner 25203 | -2/Protoforge | Spotted Striker 25203 | -2/Protoforge | Spotted Striker 25223 | -2/Protoforge | Spotted Executioner 25225 | -2/Protoforge | Spotted Executioner 25308 | -2/Protoforge | Spotted Striker 25311 | -2/Protoforge | Spotted Executioner 25382 | -2/Protoforge | Installed UFD Drillbomb at designated target 25382 | -2/Protoforge | UFD reported confirmed Drillbomb installation 25383 | -2/Protoforge | UFD began Drillbomb countdown 25483 | *** | Defending 0bPrime! Last Messages --------------- 25474_ 0bP_NET: In T-9 this fine piece of machinery is all ours for the steep price of... many UFD lives. 25475_ 0bP_NET: But with it we will not only rebuild, we will wrest full control over 0b1 for ourselves! 25476_ 0bP_NET: What better way to punctuate our success than a blaze of glory, directed away from ourselves, of course. 25477_ 0bP_NET: Time for our final countdown to an explosive victory... 25477_ Acquired Lgt. Quantum Reactor+. 25478_ 0bP_NET: 5! 25479_ 0bP_NET: 4! 25480_ 0bP_NET: 3! 25481_ 0bP_NET: If you're in the wrong place at the wrong time, the wrong time being in just a moment, I'm sorry but prepare to die. 25482_ 0bP_NET: Otherwise, enjoy the show! [Achievement: Robotopia] Map ----- +----------------------------------------------------+ | " % % " # """ | | % %% " + """ | | "" % " """ %% " + F" | | "" %"%% " # """ | | "" " % % " """ "# "" | | " % % "# ### | | " " %%% % # ### | | " " " "" % " "# """ | | %" " % "% !*% % " "" # """ | | """"""""" % =%! " % " " ; "F" | | """""""""""""" % %!=]" " ; " | | """""""""""""""%%% %%% %% % # "" | | """""""""""""""" % " "" " "# "" | | """"""""""""""""" % %"%% "#" "### | | """""""""""""""""" %%%% % " "#"" ""#?? | | """"""""""""""""""" % % %% "###"F ""###?? | | """""""""""""""""""" " %%% " "#??"""""#???? | | """"""""""""""""""""%%%%%% " "! " "#??"""""#???? | | """"""""""""""""""""%=s% %% %[ "#??######???? | | """""""""""""""""""""!SS%=%! "#???????????? | | """""""""""""""""""""%SSs%*!% "" " "#???????????? | | """""""""""""""""""""%SSj%% * " "#???????????? | | """""""""""""""""""""%SSss % #???????????? | | """""""""""""""""""""%ESS%%% #???????????? | | """""""""""""""""""""%%SS%%% ! ##??????????? | | """""""""""""""""""""%s% @% %!% " #??????????? | | """""""""""""""""""""Ej%%%"%%%! " #??????????? | | """"""""""""""""""""" % !" " ##??????????? | | """""""""""""""""""" %" "ss %! #???????????? | | """"""""""""""""""""%%%% % " #???????????? | | """"""""""""""""""""%% "E % sSS #???????????? | | """"""""""""""""""" % " SS #???????????? | | """"""""""""""""""%E"% % % "% "" #???????????? | | """"""""""""""""" "% " % *"" #???????????? | | """""""""""""""" %% %" "E"%% """ #???????????? | | """""""""""""""% %j " " "" #???????????? | | """""""""""""" "" " " ""% #???????????? | | """"""""" "" "" #???????????? | | % "" "" sss"" """ #???????????? | | % % "" " "" """" #???????????? | | % " " " """ ###?????????? | | """ """" " """ "" <"#?????????? | | % "" """""""s"" " <<#?????????? | | s s % <"#?????????? | | " """ " " """" ""#?????????? | | " ""j "" " " "&#?????????? | | " """" % " "" "" " &&#?????????? | | " """ "% " " "" ###?????????? | | " """ "" " #???????????? | | " " #???????????? | +----------------------------------------------------+ Best States ------------- Heat Dissipation 80 Energy Generation 71 Energy Capacity 530 Matter Stores 300 Matter Capacity 300 Sight Range 23 Robot Scan Range 20 Terrain Scan Range 20 Terrain Scan Density 1010 Jamming Range 16 Cloak Strength 3 Armor Coverage 450 Core Shielding 90 Propulsion Shielding 90 Phase Shifting 15 Evasion (%) 86 Targeting Accuracy 12 Launcher Accuracy 60 Core Analysis 8 Armor Integrity Analysis 50 Recoil Reduction 5 Offensive Hacking 42 Trap Extractor Capacity 6 Item Schematics ----------------- Lgt. Quantum Reactor | -4/Extension | Hacked Hyp. Railgun | -4/Extension | Hacked Robot Schematics ------------------ None Fabricated ------------ Nothing Repaired ---------- Adv. Treads | 72% | -7/Factory | Broken Arm. Treads | 1% | -7/Factory Adv. Treads | 12% | -7/Factory Gravmag System | 6% | -4/Factory Mic. Antimatter Reactor | 20% | -3/Research Studied --------- Hvy. Assault Rifle | -8/Materials | Hacked Shock Bomb Launcher | -8/Materials | Hacked Gravmag System | -7/Factory | Hacked Airjet | -7/Factory | Hacked Adv. Treads | -7/Factory | Hacked Mic. Nuclear Core | -5/Factory | Hacked Plasma Cannon | -5/Factory | Hacked Proton Missile Launcher | -5/Factory | Hacked Antigrav Array | -3/Research | Hacked Mic. Antimatter Reactor | -3/Research | Hacked Mic. Fission Core | -3/Research | Hacked Antigrav System | -3/Research | Hacked Imp. Linear Gravjet | -3/Research | Hacked Nova Cannon | -3/Testing | Hacked HERF Cannon | -2/Research | Hacked Linear Gravjet | -2/Research | Hacked Lgt. Antimatter Reactor | -2/Quarantine | Hacked Enh. Nova Cannon | -2/Quarantine | Hacked Cmb. Antigrav System | -2/Protoforge | Hacked Cmb. Linear Gravjet | -2/Protoforge | Hacked Lgt. Quantum Reactor | -2/Protoforge | Hacked Alien Tech Used ----------------- Phase Redirector Core Cannon Achievements -------------- Robotopia Challenges ------------ None Game ------ Seed BattleHardlightFrame Manual? 0 Play Time 04:35:01 Cumulative 537.3 hours Start 2026.08.22 @ 14:10:04 End 2026.08.22 @ 19:34:28 Sessions 1 Manual Loads 0 Difficulty Rogue Special Mode None Game No. 301 Rogue 301 Adventurer 0 Explorer 0 Win Type 9 Total 27 Types 14/1/4/2/1/0/1/2/1/1 Lore% 94 Gallery% 84 Achievement% 77 Wizard Run 0 Options --------- Layout 1 ASCII 0 Keyboard 0 Movement Mouse Keybinds 0 Fullscreen 2 Font 32/SmallcapsGlow Map View 50x35 Zoom Use 0% Tactical HUD 1 Map Filters NONE Filters NONE Steam 1 RUN: e5be3ced-cfd6-4137-9e21-cebd9fe45715